AoeStats
← snowshawnskate

Arabian Desert

510925832Analyzed
1v1 RM · 8h ago on Oct 3, 2026· 48m 32s· 2 players
Game mode
Random Map
Map size
Tiny (2 player)
Population
200
Speed
Normal
Resources
Standard
Victory
Conquest
Starting age
Dark Age
Ending age
Imperial Age
RankedLock teamsTeams togetherTeam positionsShared explorationLock speedFull tech treeHidden civsTurbo modeCheats
Victory
Defeat
🇺🇸 Tatars · United States
1988
+12
🇸🇻 Saracens · El Salvador
1889
-12
jouĸɘʀ
6:38 Loom
8:50 Feudal Age
9:39 Double-Bit Axe
9:49 Horse Collar
17:15 Wheelbarrow
21:45 Castle Age
19:48 Gold Mining
21:50 Crossbowman
22:21 Fletching
23:00 Bodkin Arrow
26:40 Bow Saw
28:01 Bloodlines
32:18 Thumb Ring
33:23 Husbandry
34:07 Scale Barding Armor
40:03 Ballistics
44:53 Imperial Age
42:58 Stone Mining
43:58 Chain Barding Armor
44:42 Hand Cart
43:59 Elite Skirmisher
44:54 Padded Archer Armor
45:37 Thumb Ring
46:29 Bracer
46:19 Town Watch
48:24 Leather Archer Armor
snowshawnskate
8:34 Feudal Age
9:07 Double-Bit Axe
9:25 Horse Collar
10:03 Loom
15:24 Forging
16:13 Wheelbarrow
16:02 Scale Barding Armor
20:49 Bloodlines
25:15 Fletching
30:44 Castle Age
29:22 Padded Archer Armor
32:02 Iron Casting
30:51 Light Cavalry
31:53 Bow Saw
32:05 Bodkin Arrow
32:56 Heavy Plow
34:48 Chain Barding Armor
33:50 Elite Skirmisher
35:27 Husbandry
36:34 Gold Mining
38:35 Iron Casting
39:11 Leather Archer Armor
40:02 Hand Cart
43:12 Imperial Age
43:57 Bracer
43:18 Heavy Cavalry Archer
45:00 Chemistry
44:25 Ballistics
44:56 Ring Archer Armor
45:12 Siege Engineers
46:01 Guard Tower
46:28 Silk Armor
Connection lost

Rejoining the realm…

Still unreachable

The connection could not be restored.

Session expired

The server has moved on; the page needs a fresh start.